| TOP OF THE 1ST |
|
Atlanta Braves batting - Pitching for Toronto Blue Jays : RHP Tony Rios
|
|
Pitching: RHP Tony Rios
|
|
|
Batting: SHB Sean Cook
|
0-0: Called Strike 0-1: Ball 1-1: Ball 2-1: Foul Ball, location: 2F 2-2: Ball 3-2: Ground out 6-3 (Groundball, 6, EV 86.2 MPH)
|
|
Batting: RHB Yasuhide Kasahara
|
0-0: Ball 1-0: Called Strike 1-1: Ball 2-1: Called Strike 2-2: Strikes out swinging
|
|
Batting: SHB Floyd-William Goof
|
0-0: Ball 1-0: Ball 2-0: Fly out, F7 (Flyball, 7, EV 78.8 MPH)
|
| Top of the 1st over - 0 runs, 0 hits, 0 errors, 0 left on base; Atlanta 0 - Toronto 0 |
| BOTTOM OF THE 1ST |
|
Toronto Blue Jays batting - Pitching for Atlanta Braves : RHP Curt Stevens
|
|
Pitching: RHP Curt Stevens
|
|
|
Batting: RHB Danny Burnside
|
0-0: Called Strike 0-1: Bunted foul 0-2: Foul Ball, location: 9LSF 0-2: SINGLE (Line Drive, 89M, EV 105.0 MPH)
|
|
Batting: RHB C.J. Richerson
|
0-0: Foul Ball, location: 2F 0-1: Ball 1-1: Foul Ball, location: 2F 1-2: Ball 2-2: Fly out, F9 (Flyball, 89S, EV 86.9 MPH)
|
|
Batting: SHB Matt Altieri
|
0-0: Called Strike 0-1: Ball 1-1: Called Strike 1-2: Ball 2-2: Foul Ball, location: 2F 2-2: Ball 3-2: 2-RUN HOME RUN (Flyball, 9LD, EV 95.6 MPH), Distance : 372 ft
|
|
Batting: SHB Jason Woods
|
0-0: Ball 1-0: SOLO HOME RUN (Flyball, 78XD, EV 102.5 MPH), Distance : 410 ft
|
|
Batting: SHB Dominik Hasek II
|
0-0: Ball 1-0: Swinging Strike 1-1: Ball 2-1: Ball 3-1: Base on Balls
|
|
Batting: RHB Butch Kaiser
|
0-0: Ball 1-0: Called Strike 1-1: Grounds into double play, 1-6-3 (Groundball, 34S, EV 65.0 MPH)
|
| Bottom of the 1st over - 3 runs, 3 hits, 0 errors, 0 left on base; Atlanta 0 - Toronto 3 |
| TOP OF THE 2ND |
|
Atlanta Braves batting - Pitching for Toronto Blue Jays : RHP Tony Rios
|
|
Batting: RHB Erik Coleman
|
0-0: Called Strike 0-1: Swinging Strike 0-2: Foul Ball, location: 2F 0-2: Ball 1-2: Ball 2-2: Fly out, F3 (Popup, 23F, EV 78.1 MPH)
|
|
Batting: RHB Ike Trout
|
0-0: Ball 1-0: Swinging Strike 1-1: Foul Ball, location: 2RF 1-2: Strikes out swinging
|
|
Batting: RHB Manny Vergara
|
0-0: Called Strike 0-1: Foul Ball, location: 2F 0-2: Ball 1-2: Foul Ball, location: 2F 1-2: Fly out, F9 (Line Drive, 9, EV 106.2 MPH)
|
| Top of the 2nd over - 0 runs, 0 hits, 0 errors, 0 left on base; Atlanta 0 - Toronto 3 |
| BOTTOM OF THE 2ND |
|
Toronto Blue Jays batting - Pitching for Atlanta Braves : RHP Curt Stevens
|
|
Batting: LHB Nate Dean
|
0-0: Called Strike 0-1: Ball 1-1: Ball 2-1: Called Strike 2-2: Ball 3-2: TRIPLE (Flyball, 78XD, EV 112.5 MPH)
|
|
Batting: LHB Michael Byrd
|
0-0: Foul Ball, location: 2F 0-1: Called Strike 0-2: Fly out, F8 (Line Drive, 8LD, EV 91.2 MPH) Runner from 3rd tags up, OUT at HOME! 8-2
|
|
Batting: RHB Steve Jordan
|
0-0: Ball 1-0: Called Strike 1-1: Called Strike 1-2: Foul Ball, location: 2F 1-2: Ground out U3 (Groundball, 3, EV 78.8 MPH)
|
| Bottom of the 2nd over - 0 runs, 1 hit, 0 errors, 0 left on base; Atlanta 0 - Toronto 3 |
| TOP OF THE 3RD |
|
Atlanta Braves batting - Pitching for Toronto Blue Jays : RHP Tony Rios
|
|
Batting: SHB Dave Barefoot
|
0-0: Called Strike 0-1: Foul Ball, location: 2F 0-2: Ball 1-2: Ball 2-2: Ball 3-2: Ground out U3 (Groundball, 3, EV 88.8 MPH)
|
|
Batting: RHB J.J. Powers
|
0-0: Swinging Strike 0-1: Ball 1-1: Ball 2-1: Foul Ball, location: 2F 2-2: Foul Ball, location: 9LDF 2-2: Ball 3-2: Foul Ball, location: 2F 3-2: Ground out 2-3 (Groundball, 13S, EV 73.8 MPH)
|
|
Batting: RHB Liangde Li
|
0-0: Ball 1-0: Ball 2-0: Foul Ball, location: 2F 2-1: Foul Ball, location: 2F 2-2: Foul Ball, location: 2F 2-2: Ground out 6-3 (Groundball, 6, EV 86.2 MPH)
|
| Top of the 3rd over - 0 runs, 0 hits, 0 errors, 0 left on base; Atlanta 0 - Toronto 3 |
| BOTTOM OF THE 3RD |
|
Toronto Blue Jays batting - Pitching for Atlanta Braves : RHP Curt Stevens
|
|
Batting: RHB Danny Burnside
|
0-0: Called Strike 0-1: Ball 1-1: Ball 2-1: Called Strike 2-2: Ground out 5-3 (Groundball, 56, EV 86.9 MPH)
|
|
Batting: RHB C.J. Richerson
|
0-0: Ball 1-0: Foul Ball, location: 25F 1-1: Ball 2-1: Ball 3-1: Fly out, F4 (Popup, 4MD, EV 66.2 MPH)
|
|
Batting: SHB Matt Altieri
|
0-0: Ball 1-0: Foul Ball, location: 2F 1-1: Foul Ball, location: 2F 1-2: SINGLE (Groundball, 34S, EV 71.9 MPH) (infield hit)
|
|
Batting: SHB Jason Woods
|
0-0: Ball 1-0: Called Strike 1-1: Swinging Strike 1-2: Ball 2-2: Strikes out swinging
|
| Bottom of the 3rd over - 0 runs, 1 hit, 0 errors, 1 left on base; Atlanta 0 - Toronto 3 |
| TOP OF THE 4TH |
|
Atlanta Braves batting - Pitching for Toronto Blue Jays : RHP Tony Rios
|
|
Batting: SHB Sean Cook
|
0-0: Ball 1-0: Ball 2-0: Ball 3-0: Base on Balls
|
|
Batting: RHB Yasuhide Kasahara
|
0-0: Called Strike 0-1: Called Strike 0-2: Fly out, F9 (Flyball, 9, EV 88.8 MPH)
|
|
Batting: SHB Floyd-William Goof
|
0-0: Called Strike 0-1: Called Strike 0-2: Strikes out swinging
|
|
Batting: RHB Erik Coleman
|
0-0: Ball 1-0: Ball 2-0: Ball 3-0: Called Strike 3-1: Base on Balls Sean Cook to second
|
|
Batting: RHB Ike Trout
|
0-0: SINGLE (Line Drive, 78S, EV 106.9 MPH) Sean Cook to third Erik Coleman to second Runner from 3rd tries for Home, SAFE, throw by LF to home
|
|
Batting: RHB Manny Vergara
|
0-0: Foul Ball, location: 9LMF 0-1: Ball 1-1: Ball 2-1: Swinging Strike 2-2: Ball 3-2: DOUBLE (Groundball, 5L, EV 98.8 MPH) Erik Coleman scores Ike Trout to third Ike Trout scores
|
|
Batting: SHB Dave Barefoot
|
0-0: Foul Ball, location: 2F 0-1: Foul Ball, location: 2F 0-2: Ball 1-2: Strikes out swinging
|
| Top of the 4th over - 3 runs, 2 hits, 0 errors, 1 left on base; Atlanta 3 - Toronto 3 |
| BOTTOM OF THE 4TH |
|
Toronto Blue Jays batting - Pitching for Atlanta Braves : RHP Curt Stevens
|
|
Batting: SHB Dominik Hasek II
|
0-0: Foul Ball, location: 2F 0-1: Foul Ball, location: 2F 0-2: Ball 1-2: Foul Ball, location: 2F 1-2: Strikes out swinging
|
|
Batting: RHB Butch Kaiser
|
0-0: Swinging Strike 0-1: Ball 1-1: Ball 2-1: Fly out, F8 (Flyball, 8RS, EV 82.5 MPH)
|
|
Batting: LHB Nate Dean
|
0-0: SOLO HOME RUN (Flyball, 9D, EV 96.9 MPH), Distance : 385 ft
|
|
Batting: LHB Michael Byrd
|
0-0: Called Strike 0-1: Swinging Strike 0-2: Ball 1-2: Strikes out swinging
|
| Bottom of the 4th over - 1 run, 1 hit, 0 errors, 0 left on base; Atlanta 3 - Toronto 4 |
| TOP OF THE 5TH |
|
Atlanta Braves batting - Pitching for Toronto Blue Jays : RHP Tony Rios
|
|
Batting: RHB J.J. Powers
|
0-0: Foul Ball, location: 2F 0-1: Swinging Strike 0-2: SINGLE (Groundball, 56S, EV 65.0 MPH) (infield hit)
|
|
Batting: RHB Liangde Li
|
0-0: Called Strike J.J. Powers steals 2nd base 0-1: Fly out, F8 (Flyball, 89D, EV 74.4 MPH) Runner from 2nd tags up, SAFE at 3rd, no throw by CF
|
|
Batting: SHB Sean Cook
|
0-0: Called Strike 0-1: Foul Ball, location: 2F 0-2: Ball 1-2: Foul Ball, location: 7LSF 1-2: Ball Wild Pitch! J.J. Powers scores 2-2: Ball 3-2: Ground out 4-3 (Groundball, 34D, EV 96.2 MPH)
|
|
Batting: RHB Yasuhide Kasahara
|
0-0: Ball 1-0: Foul Ball, location: 7LDF 1-1: Ball 2-1: Ball 3-1: Ground out 6-3 (Groundball, 6, EV 96.2 MPH)
|
| Top of the 5th over - 1 run, 1 hit, 0 errors, 0 left on base; Atlanta 4 - Toronto 4 |
| BOTTOM OF THE 5TH |
|
Toronto Blue Jays batting - Pitching for Atlanta Braves : RHP Curt Stevens
|
|
Batting: RHB Steve Jordan
|
0-0: Called Strike 0-1: Bunted foul 0-2: Foul Ball, location: 2F 0-2: Strikes out swinging
|
|
Batting: RHB Danny Burnside
|
0-0: Ground out 5-3 (Groundball, 5S, EV 87.5 MPH)
|
|
Batting: RHB C.J. Richerson
|
0-0: Fly out, F8 (Line Drive, 89D, EV 96.2 MPH)
|
| Bottom of the 5th over - 0 runs, 0 hits, 0 errors, 0 left on base; Atlanta 4 - Toronto 4 |
| TOP OF THE 6TH |
|
Atlanta Braves batting - Pitching for Toronto Blue Jays : RHP Tony Rios
|
|
Batting: SHB Floyd-William Goof
|
0-0: Ball 1-0: Ball 2-0: Swinging Strike 2-1: Called Strike 2-2: Ground out 5-3 (Groundball, 56, EV 100.6 MPH)
|
|
Batting: RHB Erik Coleman
|
0-0: Ball 1-0: Called Strike 1-1: Ball 2-1: Foul Ball, location: 2F 2-2: Ball 3-2: Base on Balls
|
|
Pitching: RHP Chase Schlong
|
|
|
Batting: RHB Ike Trout
|
0-0: Called Strike Erik Coleman is caught stealing 2nd base 2-4 0-1: Ball 1-1: Foul Ball, location: 2F 1-2: Foul Ball, location: 23F 1-2: Ball 2-2: Foul Ball, location: 2F 2-2: Foul Ball, location: 7LDF 2-2: Ball 3-2: SINGLE (Groundball, 34D, EV 96.9 MPH)
|
|
Batting: RHB Manny Vergara
|
0-0: Called Strike 0-1: Foul Ball, location: 2F 0-2: Strikes out swinging
|
| Top of the 6th over - 0 runs, 1 hit, 0 errors, 1 left on base; Atlanta 4 - Toronto 4 |
| BOTTOM OF THE 6TH |
|
Toronto Blue Jays batting - Pitching for Atlanta Braves : RHP Curt Stevens
|
|
Batting: SHB Matt Altieri
|
0-0: Ball 1-0: Foul Ball, location: 2F 1-1: Foul Ball, location: 7LMF 1-2: Ball 2-2: Hit by Pitch
|
|
Batting: SHB Jason Woods
|
0-0: Foul Ball, location: 2F 0-1: Ball 1-1: Called Strike 1-2: Ball 2-2: Ball 3-2: Fly out, F1 (Line Drive, P, EV 54.4 MPH)
|
|
Batting: SHB Dominik Hasek II
|
0-0: Ball 1-0: Foul Ball, location: 2F 1-1: Ball 2-1: Foul Ball, location: 2F 2-2: Ball 3-2: Foul Ball, location: 2F 3-2: Fly out, F8 (Flyball, 8LXD, EV 89.4 MPH)
|
|
Batting: RHB Butch Kaiser
|
0-0: Called Strike 0-1: Called Strike 0-2: Foul Ball, location: 2F 0-2: SINGLE (Line Drive, 9LS, EV 100.0 MPH) Matt Altieri to second Runner from 2nd tries for 3rd, SAFE, throw by RF made to third
|
|
Batting: LHB Nate Dean
|
0-0: Ball 1-0: Foul Ball, location: 2F 1-1: SINGLE (Line Drive, 7S, EV 91.9 MPH) Matt Altieri scores Butch Kaiser to second
|
|
Batting: LHB Michael Byrd
|
0-0: Ball 1-0: Swinging Strike 1-1: Called Strike 1-2: Foul Ball, location: 2F 1-2: Strikes out swinging
|
| Bottom of the 6th over - 1 run, 2 hits, 0 errors, 2 left on base; Atlanta 4 - Toronto 5 |
| TOP OF THE 7TH |
|
Atlanta Braves batting - Pitching for Toronto Blue Jays : RHP Chase Schlong
|
|
Now at 2B: Nate Dean
|
|
|
Now at 3B: Brock Van Gilder
|
|
|
Now at SS: Mike Harkins
|
|
|
Now in CF: Dominik Hasek II
|
|
|
Batting: SHB Dave Barefoot
|
0-0: Called Strike 0-1: SINGLE (Groundball, 3D, EV 98.8 MPH)
|
|
Batting: RHB J.J. Powers
|
0-0: Ball 1-0: Sac Bunt to 2L - play at first, batter OUT! 2-3 Dave Barefoot to second
|
|
Pinch Hitting: LHB Erik Gretzky
|
0-0: Swinging Strike 0-1: Ball 1-1: Foul Ball, location: 2F 1-2: Strikes out swinging
|
|
Batting: SHB Sean Cook
|
0-0: Ball 1-0: Swinging Strike 1-1: Foul Ball, location: 2F 1-2: Ball 2-2: Ground out U3 (Groundball, 34, EV 109.4 MPH)
|
| Top of the 7th over - 0 runs, 1 hit, 0 errors, 1 left on base; Atlanta 4 - Toronto 5 |
| BOTTOM OF THE 7TH |
|
Toronto Blue Jays batting - Pitching for Atlanta Braves : RHP Curt Stevens
|
|
Pitching: RHP Brendan Graham
|
|
|
Now in CF: Erik Gretzky
|
|
|
Batting: RHB Steve Jordan
|
0-0: Foul Ball, location: 2F 0-1: Foul Ball, location: 2F 0-2: Ground out 5-3 (Groundball, 5, EV 86.2 MPH)
|
|
Batting: RHB Danny Burnside
|
0-0: Swinging Strike 0-1: Ball 1-1: Foul Ball, location: 2F 1-2: Fly out, F9 (Line Drive, 9S, EV 90.0 MPH)
|
|
Batting: RHB Brock Van Gilder
|
0-0: Called Strike 0-1: Ball 1-1: Ball 2-1: SINGLE (Groundball, 15S, EV 67.5 MPH) (infield hit)
|
|
Batting: SHB Matt Altieri
|
0-0: Called Strike 0-1: Ground out 4-3 (Groundball, 34, EV 103.1 MPH)
|
| Bottom of the 7th over - 0 runs, 1 hit, 0 errors, 1 left on base; Atlanta 4 - Toronto 5 |
| TOP OF THE 8TH |
|
Atlanta Braves batting - Pitching for Toronto Blue Jays : RHP Chase Schlong
|
|
Pitching: LHP Tim Franco
|
|
|
Now in LF: Donny Burnside
|
|
|
Now in RF: Danny Burnside
|
|
|
Batting: RHB Yasuhide Kasahara
|
0-0: Ball 1-0: Foul Ball, location: 9LSF 1-1: Ball 2-1: Swinging Strike 2-2: Foul Ball, location: 9LDF 2-2: Foul Ball, location: 2F 2-2: Ball 3-2: Base on Balls
|
|
Batting: SHB Floyd-William Goof
|
0-0: Swinging Strike 0-1: Swinging Strike 0-2: Foul Ball, location: 2F 0-2: Fielders Choice at 2nd, 4-6 (Groundball, 4D, EV 80.6 MPH)
|
|
Batting: RHB Erik Coleman
|
0-0: Ball 1-0: Ball Floyd-William Goof is caught stealing 2nd base 2-4 2-0: SINGLE (Line Drive, 8RS, EV 90.6 MPH)
|
|
Batting: RHB Ike Trout
|
0-0: Called Strike 0-1: Foul Ball, location: 9LSF 0-2: Strikes out looking
|
| Top of the 8th over - 0 runs, 1 hit, 0 errors, 1 left on base; Atlanta 4 - Toronto 5 |
| BOTTOM OF THE 8TH |
|
Toronto Blue Jays batting - Pitching for Atlanta Braves : RHP Brendan Graham
|
|
Pitching: RHP Alard Kraaijeveld
|
|
|
Batting: RHB Mike Harkins
|
0-0: Called Strike 0-1: Foul Ball, location: 2F 0-2: SOLO HOME RUN (Flyball, 9LD, EV 101.9 MPH), Distance : 383 ft
|
|
Batting: SHB Dominik Hasek II
|
0-0: Ball 1-0: Ground out 5-3 (Groundball, 56, EV 92.5 MPH)
|
|
Batting: RHB Butch Kaiser
|
0-0: Ball 1-0: Ground out U3 (Groundball, 23, EV 83.8 MPH)
|
|
Batting: LHB Nate Dean
|
0-0: Foul Ball, location: 2F 0-1: Foul Ball, location: 9LMF 0-2: Foul Ball, location: 2F 0-2: Ground out 5-3 (Groundball, 56, EV 87.5 MPH)
|
| Bottom of the 8th over - 1 run, 1 hit, 0 errors, 0 left on base; Atlanta 4 - Toronto 6 |
| TOP OF THE 9TH |
|
Atlanta Braves batting - Pitching for Toronto Blue Jays : LHP Tim Franco
|
|
Pitching: RHP Zach Ault
|
|
|
Batting: RHB Manny Vergara
|
0-0: Called Strike 0-1: Ball 1-1: Ball 2-1: Foul Ball, location: 9LSF 2-2: Ball 3-2: Ground out 6-3 (Groundball, 6, EV 93.8 MPH)
|
|
Batting: SHB Dave Barefoot
|
0-0: Ball 1-0: Foul Ball, location: 2F 1-1: Foul Ball, location: 2F 1-2: Ball 2-2: Ball 3-2: Strikes out swinging
|
|
Batting: RHB J.J. Powers
|
0-0: Ground out U3 (Groundball, 34, EV 97.5 MPH)
|
| Top of the 9th over - 0 runs, 0 hits, 0 errors, 0 left on base; Atlanta 4 - Toronto 6 |
|